 Dungeon Crawl Stone Soup version 0.19-a0-330-g034cfd4 (webtiles) character file.

168 Duffy the Shield-Bearer (level 5, -10/41 HPs)
             Began as a Mummy Fighter on May 28, 2016.
             Mangled by Crazy Yiuf
             ... wielding a +3 quarterstaff of chaos
              (20 damage)
             ... on level 3 of the Dungeon.
             The game lasted 00:03:19 (3142 turns).

Duffy the Shield-Bearer (Mummy Fighter)             Turns: 3142, Time: 00:03:19

Health: -10/41     AC:  6    Str: 20    XL:     5   Next: 23%
Magic:  0/5        EV:  7    Int:  8    God:
Gold:   193        SH:  0    Dex: 11    Spells: 0 memorised, 4 levels left

rFire  x . .     SeeInvis +     f - +2 morningstar (crush)
rCold  + . .     Gourm    .     b - +0 scale mail
rNeg   + + +     Faith    .     c - +0 shield
rPois  ∞         Spirit   .     (no helmet)
rElec  .         Dismiss  .     (no cloak)
rCorr  .         Reflect  +     (no gloves)
SustAt .         Harm     .     (no boots)
MR     .....                    g - +4 amulet of reflection
Stlth  ..........               (no ring)
                                j - ring of see invisible

@: confused, not resistant to hostile enchantments, extremely unstealthy
A: no food or potions, fire vulnerability, cold resistance 1, negative energy
resistance 3, torment resistance, unbreathing
a: no special abilities


You were on level 3 of the Dungeon.
You were not hungry.

You visited 1 branch of the dungeon, and saw 3 of its levels.

You collected 193 gold pieces.


Innate Abilities, Weirdness & Mutations

You do not eat or drink.
Your flesh is vulnerable to fire.
You are immune to poison.
Your flesh is cold resistant. (rC+)
You are immune to negative energy. (rN+++)
You are immune to unholy pain and torment.
You can survive without breathing.


   Skills:
 - Level 3.0 Fighting
 + Level 3.5 Maces & Flails
 - Level 2.4 Armour
 + Level 3.7 Shields


You had 4 spell levels left.
You didn't know any spells.

Inventory:

Hand Weapons
 f - a +2 morningstar of crushing (weapon)
Armour
 b - a +0 scale mail (worn)
 c - a +0 shield (worn)
Jewellery
 g - a +4 amulet of reflection (around neck)
 j - a ring of see invisible (left hand)
Wands
 k - a wand of lightning (4/15)
Scrolls
 a - 2 scrolls of remove curse
 d - a scroll of enchant weapon
 e - a scroll of magic mapping
 h - a scroll of fear
 i - a scroll of teleportation

Dungeon Overview and Level Annotations

Branches:
Dungeon (3/15)

Altars:
Okawaru

Annotations:
D:3 Crazy Yiuf


Message History

Found a leather armour.
You see here a giant cockroach corpse.
There is a stone staircase leading up here.
Things that are here:
a hand axe; a leather armour; a club You see here a jackal skeleton.
Partly explored, can't reach some places.
Partly explored, can't reach some places.
You sock the fungus!
The fungus is moderately damaged.
You sock the fungus!
The fungus is heavily damaged.
You puncture the fungus!
The fungus is severely damaged.
You hit the fungus.
The fungus is almost destroyed.
You thump the fungus!
You destroy the fungus!
Found a mace.
Crazy Yiuf the Enlightened comes into view.
He is wielding a quarterstaff of chaos.
Crazy Yiuf shouts!
Crazy Yiuf moves out of view.
Crazy Yiuf whimpers, "Line!
Flower pontify snail."
Crazy Yiuf hits you with a quarterstaff of chaos.
You hit Crazy Yiuf.
Crazy Yiuf is moderately wounded.
Crazy Yiuf zaps a wand.
Crazy Yiuf seems to speed up.
It is a wand of hasting.
You hit Crazy Yiuf.
Crazy Yiuf is severely wounded.
You block Crazy Yiuf's attack. x2
Your shield prevents you from hitting Crazy Yiuf.
Crazy Yiuf is severely wounded.
Crazy Yiuf hits you with a quarterstaff of chaos!
Crazy Yiuf laughs, "Snower!
Lay testudinal eyeball."
Crazy Yiuf hits you but does no damage. Space bends around you.
You closely miss Crazy Yiuf.
Crazy Yiuf is severely wounded.
Crazy Yiuf hits you but does no damage.
You are confused.
Crazy Yiuf hits you with a quarterstaff of chaos.
Crazy Yiuf burns you.
You are too confused!
You closely miss Crazy Yiuf.
Crazy Yiuf is severely wounded.
Crazy Yiuf hits you with a quarterstaff of chaos!
You feel your power leaking away.
You're too confused to move!
Crazy Yiuf hits you with a quarterstaff of chaos.
You are electrocuted!
You die...

#.#()....###.####.##.#########..
#.#..###.....####.##.####.......
##.#..#
###.####................#
#.....# ### #########.........
#..##.# ###..8...#
#..##.######### #......#
#........#P.#.### ### #......#
#..##.#....P.#..##...# ####....
#.####....#P####@g...# #####
#.####...#P## ###..)#
#......##### ### ########


You could see Crazy Yiuf.

Action                   |  1- 3 |  4- 6 || total
-------------------------+-------+-------++-------
Melee: Flail             |   102 |       ||   102
       Morningstar       |    14 |   146 ||   160
  Use: Scroll            |       |     6 ||     6
Armor: Scale mail        |    48 |    64 ||   112
Dodge: Dodged            |    29 |    52 ||    81
Block: Shield            |    61 |   118 ||   179
       Reflection        |       |     7 ||     7

Notes
Turn   | Place    | Note
--------------------------------------------------------------
     0 | D:1      | Duffy the Mummy Fighter began the quest for the Orb.
     0 | D:1      | Reached XP level 1. HP: 18/18 MP: 1/1
    79 | D:1      | Reached skill level 2 in Maces & Flails
   150 | D:1      | Reached XP level 2. HP: 24/24 MP: 2/2
   805 | D:1      | Reached XP level 3. HP: 29/29 MP: 3/3
  1555 | D:2      | Reached skill level 3 in Shields
  1748 | D:2      | Reached XP level 4. HP: 35/35 MP: 4/4
  1841 | D:2      | Reached skill level 3 in Maces & Flails
  2541 | D:3      | Found an iron altar of Okawaru.
  2860 | D:3      | Reached XP level 5. HP: 32/41 MP: 5/5
  3134 | D:3      | Noticed Crazy Yiuf
  3142 | D:3      | Mangled by Crazy Yiuf

Skill      XL: |  1  2  3  4 |
---------------+-------------+-----
Maces & Flails | 2 3 |  3.5
Shields        | 3 |  3.7
Fighting       | |  3.0
Armour         | |  2.4

Vault maps used:
D:1:      minmay_arrival_semitransparent
D:3:      serial_undead, serial_undead_c, serial_undead_b, serial_undead_e,
          serial_undead_b, serial_undead_a, serial_undead_d, serial_undead_e,
          okawaru_trees_1, uniq_crazy_yiuf_cottage

Vanquished Creatures
  3 worker ant zombies
  2 adders
  An adder zombie
  2 worms
  An adder skeleton
  3 dart slugs
  A giant gecko
  6 orcs
  4 ball pythons
  14 bats
  6 giant cockroaches
  11 goblins
  8 hobgoblins
  5 jackals
  2 quokkas
  2 giant cockroach zombies
  3 giant newts
  2 jackal zombies
  8 kobolds
  3 quokka skeletons
  4 rats
  A fungus
92 creatures vanquished.
